 Dungeon Crawl Stone Soup version 0.30.0-29-ga12c61a403 (webtiles) character file.

Game seed: 2623207903195784552

228 Josd the Shield-Bearer (level 6, -1/30 (49) HPs)
             Began as a Formicid Fighter on June 5, 2023.
             Was a Believer of Dithmenos.
             Slain by an ogre
             ... wielding a +0 giant spiked club
              (19 damage)
             ... on level 4 of the Dungeon.
             The game lasted 00:11:04 (3010 turns).

Josd the Shield-Bearer (Formicid Fighter)           Turns: 3010, Time: 00:11:04

HP:   -1/30 (49)    AC: 10    Str: 22    XL:     6   Next: 23%
MP:   6/6           EV: 10    Int:  8    God:    Dithmenos [**....]
Gold: 164           SH:  5    Dex: 13    Spells: 5/5 levels left

rFire   + . .        a - +0 long sword
rCold   . . .        c - +0 buckler
rNeg    . . .        b - +0 scale mail
rPois   .            (helmet unavailable)
rElec   .            (no cloak)
rCorr   .            (no gloves)
SInv    +            C - +2 pair of boots {Stlth+}
Will    .....        (no amulet)
Stlth   +            e - ring of protection from fire
HPRegen 0.25/turn    (no ring)
MPRegen 0.10/turn

%: no passive effects
@: wreathed by umbra, very heavily drained, very slow
A: permanent stasis, dig shafts and tunnels, antennae 3, four strong arms
a: Dig, Shaft Self, Renounce Religion, Shadow Step


You were on level 4 of the Dungeon.
You worshipped Dithmenos.
Dithmenos was pleased with you.
You visited 1 branch of the dungeon, and saw 4 of its levels.

You collected 164 gold pieces.

Inventory:

Hand Weapons
 a - a +0 long sword (weapon)
 h - a +0 short sword
 r - a +0 short sword
 w - a +0 spear
Missiles
 z - 3 poisoned darts (quivered)
Armour
 b - a +0 scale mail (worn)
 c - a +0 buckler (worn)
 C - a +2 pair of boots of stealth (worn)
Magical Staves
 D - a staff of cold
Jewellery
 e - a ring of protection from fire (left hand)
Scrolls
 f - a scroll of acquirement {unknown}
 i - 2 scrolls of noise {unknown}
 j - a scroll of identify {unknown}
 k - a scroll of enchant weapon {unknown}
 l - a scroll of magic mapping
 n - a scroll of teleportation
 o - 2 scrolls of vulnerability {unknown}
 u - a scroll of enchant armour {unknown}
 v - 2 scrolls of fog
 x - a scroll of amnesia {unknown}
 y - 2 scrolls of blinking
Potions
 d - 2 potions of might
 g - a potion of attraction {unknown}
 m - a potion of degeneration {unknown}
 p - 3 potions of curing {unknown}
 q - a potion of lignification {unknown}
 s - a potion of mutation {unknown}
 t - 2 potions of heal wounds {unknown}
 A - a potion of haste {unknown}


   Skills:
 + Level 4.4 Fighting
 + Level 4.2 Long Blades
 + Level 4.2 Armour
 + Level 1.1 Dodging
 + Level 4.5 Shields


You had 5 spell levels left.
You didn't know any spells.
Your spell library contained the following spells:

 Spells                   Type           Power      Damage    Failure   Level
 Summon Small Mammal      Summ           0%         N/A       80%         1
 Lesser Beckoning         Tloc           0%         N/A       90%         2
 Momentum Strike          Conj/Tloc      0%         3d8       90%         2
 Call Canine Familiar     Summ           0%         N/A       99%         3
 Summon Guardian Golem    Hex/Summ       0%         N/A       99%         3
 Blink                    Tloc           Unusable   N/A       N/A         2

Dungeon Overview and Level Annotations

Branches:
Dungeon (4/15)
 Temple: D:4-7

Altars:
Dithmenos
Gozag
Kikubaaqudgha
Zin

Portals:
Sewer: D:4


Innate Abilities, Weirdness & Mutations

You cannot be hasted, slowed, berserked, paralysed or teleported.
You can dig through walls and to a lower floor.
You have a pair of large antennae on your head. (SInv)
Your four strong arms can wield two-handed weapons with a shield.


Message History

You hit the giant cockroach.
You kill the giant cockroach!
Dithmenos accepts your kill.
You see here a giant cockroach corpse.
An ogre comes into view. It is wielding a +0 giant spiked club.
The ogre shouts!
The ogre moves out of view.
You hit the ogre.
The ogre is lightly wounded.
The ogre closely misses you.
Okay, then.
Throw: throwing net
Press: ? - help, Q - select action, (/) - cycle Shift-Dir - straight line, f - ogre
Aim: an ogre, wielding a +0 giant spiked club (lightly wounded, umbra, 74% to hit)
You throw a throwing net.
The throwing net barely misses the ogre.
You barely miss the ogre.
The ogre is lightly wounded.
You block the ogre's attack.
You hit the ogre.
The ogre is moderately wounded.
You hear the brisk rusting of a drain.
You block the ogre's attack.
Your unstable footing causes you to fumble your attack.
You block the ogre's attack.
You hit the ogre.
The ogre is heavily wounded.
The ogre hits you with a +0 giant spiked club.
You slash the ogre!
The ogre is almost dead.
You hit the ogre.
The ogre is almost dead.
The ogre closely misses you.
You barely miss the ogre.
The ogre is almost dead.
The ogre hits you with a +0 giant spiked club!
Your unstable footing causes you to fumble your attack.
The ogre hits you with a +0 giant spiked club!!
Ouch! That really hurt!
You die...

...... ##...........
#...###..##........
#~~~#)#.####)).....
#~~~†).#####.......
#~~~##.##...#......
#~~~##..#.####.....
#~∩†##....# #.....
#~~~##....## ##....
#~@~##.....## ##...
#~O~##......####..#
#~~~##...........##
#...##$......##.##
#..###........#..#
...>..........#..#
.......#........#.##
....(..##........#..#
####... ##......###.#


You could see an ogre.

Vanquished Creatures
  An orc priest (D:4)
  An iguana (D:4)
  2 orc wizards
  3 adders
  A worm (D:3)
  A dart slug (D:2)
  9 orcs
  5 endoplasms
  5 giant cockroaches
  5 goblins
  6 hobgoblins
  6 jackals (D:2)
  10 kobolds
  7 quokkas
  7 ball pythons
  4 bats
  4 frilled lizards
  3 rats
80 creatures vanquished.

Notes
Turn   | Place    | Note
-------+----------+-------------------------------------------
     0 | D:1      | Josd the Formicid Fighter began the quest for the Orb.
     0 | D:1      | Reached XP level 1. HP: 18/18 MP: 1/1
   154 | D:1      | Reached XP level 2. HP: 21/21 MP: 2/2
   168 | D:1      | Found a faded altar of an unknown god.
   236 | D:1      | Prayed at the altar of an unknown god.
   236 | D:1      | Became a worshipper of Dithmenos the Shadowed
   236 | D:1      | Reached * piety under Dithmenos
   533 | D:1      | Reached XP level 3. HP: 27/29 MP: 3/3
   868 | D:2      | Reached XP level 4. HP: 35/35 MP: 4/4
  1959 | D:3      | Reached ** piety under Dithmenos
  1981 | D:3      | Reached skill level 1 in Dodging
  1981 | D:3      | Reached XP level 5. HP: 38/42 MP: 5/5
  2035 | D:3      | Found an opulent altar of Gozag.
  2168 | D:3      | Found a shadowy altar of Dithmenos.
  2264 | D:3      | Found a glowing silver altar of Zin.
  2543 | D:4      | Found an ancient bone altar of Kikubaaqudgha.
  2780 | D:4      | Reached XP level 6. HP: 35/48 MP: 6/6
  2953 | D:4      | Found a glowing drain.
  2997 | D:4      | Noticed an ogre
  3010 | D:4      | Slain by an ogre

Illustrated notes

Levels and vault maps discovered:
D:1:      lightli_arrival_flooded_house, layout_basic,
          ebering_ecumenical_altar_webs
D:2:      cheibrodos_helix_gallery, layout_basic
D:3:      layout_loops_ring, mainiacjoe_overflow_six_doors_small,
          mainiacjoe_overflow_large_starburst
D:4:      layout_cave_pods, lemuel_round_altar, portal_sewer_entry_f,
          uniq_grinder

Skill      XL: |  1  2  3  4  5 |
---------------+----------------+-----
Long Blades    | 3 4 |  4.2
Armour         | 4 |  4.2
Dodging        | 1 |  1.1
Fighting       | 4 |  4.4
Shields        | |  4.5

Action                     |  1- 3 |  4- 6 || total
---------------------------+-------+-------++-------
  Melee: Long sword        |   113 |   196 ||   309
  Throw: Throwing net      |       |     1 ||     1
Ability: Dig               |     2 |     7 ||     9
    Use: Scroll            |       |     4 ||     4
 Armour: Scale mail        |    63 |   103 ||   166
  Dodge: Dodged            |    71 |   136 ||   207
  Block: Buckler           |    35 |    43 ||    78
